 Dungeon Crawl Stone Soup version 0.19-a0-1896-g611e798 (webtiles) character file.

10 Naow the Sneak (level 2, 0/13 HPs)
             Began as a Spriggan Enchanter on Oct 19, 2016.
             Slain by a leopard gecko (4 damage)
             ... on level 1 of the Dungeon.
             The game lasted 00:00:39 (486 turns).

Naow the Sneak (Spriggan Enchanter)                  Turns: 486, Time: 00:00:40

Health: 0/13       AC:  3    Str:  4    XL:     2   Next: 10%
Magic:  6/6        EV: 18    Int: 16    God:
Gold:   43         SH:  0    Dex: 16    Spells: 2 memorised, 3 levels left

rFire  . . .     SeeInvis +     a - +1 dagger
rCold  . . .     Gourm    .     b - +1 robe
rNeg   . . .     Faith    .     (shield restricted)
rPois  .         Spirit   .     (helmet restricted)
rElec  .         Reflect  .     (no cloak)
rCorr  .         Harm     .     (gloves unavailable)
MR     .....                    (boots unavailable)
Stlth  +++.......               (no amulet)
                                (no ring)
                                (no ring)

@: very quick
A: unfitting armour, see invisible, herbivore 3, speed 3, slow metabolism 2
a: no special abilities


You were on level 1 of the Dungeon.
You were not hungry.

You visited 1 branch of the dungeon, and saw 1 of its levels.

You collected 43 gold pieces.

Inventory:

Hand Weapons
 a - a +1 dagger (weapon)
Armour
 b - a +1 robe (worn)
Jewellery
 i - an uncursed ring of flight {unknown}
Scrolls
 e - a scroll of teleportation {unknown}
 g - a scroll of remove curse {unknown}
 h - a scroll of blinking {unknown}
 k - a scroll of enchant armour {unknown}
Potions
 f - a potion of agility {unknown}
 j - a potion of ambrosia {unknown}
 l - a potion of heal wounds {unknown}
 m - a potion of curing {unknown}
Books
 c - a book of Maledictions

   Spells                             Type                      Level
   a - Corona                         Hexes                        1
   b - Ensorcelled Hibernation        Hexes/Ice                    2
   c - Confuse                        Hexes                        3
   d - Tukima's Dance                 Hexes                        3
   e - Dazzling Spray                 Conjuration/Hexes            3
Comestibles
 d - a bread ration


   Skills:
 + Level 1.5 Short Blades
 + Level 3.3 Dodging
 + Level 4.6 Stealth
 + Level 2.7 Spellcasting
 + Level 3.7 Hexes


You had 3 spell levels left.
You knew the following spells:

 Your Spells              Type           Power        Failure   Level  Hunger
a - Corona                Hex            ##.....      6%          1    #......
b - Ensorcelled Hibernat  Hex/Ice        #.....       14%         2    ##.....


Dungeon Overview and Level Annotations

Branches:
Dungeon (1/15)

Altars:


Innate Abilities, Weirdness & Mutations

You are very small and have problems with some larger weapons.
You are too small for most types of armour.
You have supernaturally acute eyesight. (SInv)
You are a herbivore.
You cover ground extremely quickly.
You need consume almost no food.


Message History

You kill the frilled lizard!
No target in view!
No target in view!
m - an orange potion A leopard gecko comes into view.
A leopard gecko is nearby!
A leopard gecko is nearby!
The leopard gecko completely misses you.
You closely miss the leopard gecko. The leopard gecko bites you.
You closely miss the leopard gecko. The leopard gecko barely misses you.
You closely miss the leopard gecko. The leopard gecko barely misses you.
You barely miss the leopard gecko. The leopard gecko bites you.
You barely miss the leopard gecko. The leopard gecko closely misses you.
You hit the leopard gecko.
The leopard gecko is lightly wounded.
The leopard gecko bites you.
You closely miss the leopard gecko.
The leopard gecko is lightly wounded.
The leopard gecko bites you.
You die...

#...................#
###.#################
#.....# #.....#
#.....# #.....#
#.....########
......#l.....#
.....###@### (.....#
#...# ###.# #.# #.#
#.# #.# #.# #.#


You could see a leopard gecko.

Vanquished Creatures
  A leopard gecko (D:1)
  A bat (D:1)
  A giant cockroach (D:1)
  A goblin (D:1)
  A kobold (D:1)
  A frilled lizard (D:1)
  3 rats (D:1)
9 creatures vanquished.

Notes
Turn   | Place    | Note
-------+----------+-------------------------------------------
     0 | D:1      | Naow the Spriggan Enchanter began the quest for the Orb.
     0 | D:1      | Reached XP level 1. HP: 9/9 MP: 5/5
   337 | D:1      | Reached XP level 2. HP: 12/13 MP: 6/6
   371 | D:1      | Learned a level 2 spell: Ensorcelled Hibernation
   486 | D:1      | Slain by a leopard gecko

Vault maps used:
D:1:      dpeg_arrival_renting, minivault_27

Action                   || total
-------------------------++-------
Melee: Dagger            ||    59
 Stab: Sleeping          ||     2
Armor: Robe              ||     9
Dodge: Dodged            ||    46
